cohdb
Replays
Latest Replays
All Replays
Popular Replays
Top Player Replays
Match Explorer
How It Works
Community
CoH3 Stats
Reddit
Sign in to upload your games and track your stats! →
Sign in with Steam
Match 41041614
Unlisted
Match 41041614
Overview
Messages
Build Orders
End
Selects Special Operations Battlegroup
Selects M29 Weasel Recon Vehicle
M29 Weasel Recon Vehicle
Construct Weapon Support Center
M1919 Machine Gun Team
Engineer Squad
Bazooka Squad
Selects Smoke Screen
Selects Raiding Flares
Infantry Support Center
M3 Armored Personnel Carrier
M3 Armored Personnel Carrier
Construct Medical Station
M1919 Machine Gun Team
Selects SSF Commando Squad
SSF Commando Squad
SSF Commando Squad
Construct Tank Depot
으아
iExploze
xinyoucai
Egbe
黄色的鸟
F l i p p y
0
0
Comments
sign in to comment!
No comments posted yet!